 Dungeon Crawl Stone Soup version 0.21-a0-364-gbd1fde4 (webtiles) character file.

136 Drevant the Chopper (level 5, -2/47 HPs)
             Began as a Hill Orc Monk on Oct 14, 2017.
             Slain by a centaur (7 damage)
             ... on level 3 of the Dungeon.
             The game lasted 00:06:47 (2871 turns).

Drevant the Chopper (Hill Orc Monk)                 Turns: 2871, Time: 00:06:48

Health: -2/47      AC:  6    Str: 15    XL:     5   Next: 19%
Magic:  5/5        EV: 10    Int: 10    God:
Gold:   69         SH:  0    Dex: 13    Spells: 4/4 levels left

rFire    . . .     SeeInvis .   a - +0 hand axe
rCold    + . .     Gourm    .   (no shield)
rNeg     . . .     Faith    .   h - +0 scale mail
rPois    .         Spirit   .   (no helmet)
rElec    .         Reflect  .   (no cloak)
rCorr    .         Harm     .   (no gloves)
MR       .....                  (no boots)
Stlth    ..........             (no amulet)
HPRegen  0.15/turn              (no ring)
MPRegen  0.09/turn              m - ring of protection from cold

@: drained
A: no striking features
a: no special abilities


You were on level 3 of the Dungeon.
You were not hungry.

You visited 1 branch of the dungeon, and saw 3 of its levels.

You collected 69 gold pieces.

Inventory:

Hand Weapons
 a - a +0 hand axe (weapon)
Missiles
 i - 44 stones (quivered)
Armour
 b - a +0 robe
 h - a +0 scale mail (worn)
Jewellery
 l - an uncursed ring of magical power
 m - a ring of protection from cold (right hand)
 n - a cursed ring of teleportation {unknown}
Scrolls
 e - a scroll of remove curse
Comestibles
 c - 2 bread rations
 d - 2 chunks of flesh


   Skills:
 + Level 4.6(4.5) Fighting
 * Level 6.1(6.0) Axes
 + Level 2.2(2.1) Armour
 - Level 2.4(2.3) Dodging
 - Level 1.5(1.4) Stealth


You had 4 spell levels left.
You didn't know any spells.

Dungeon Overview and Level Annotations

Branches:
Dungeon (3/15)

Altars:
Cheibriados

Annotations:
D:2 Ijyb


Message History

The centaur hits you.
* * * LOW HITPOINT WARNING * * *
Your scale mail prevents you from hitting the centaur.
The centaur is heavily wounded.
The centaur barely misses you.
You barely miss the centaur.
The centaur is heavily wounded.
The centaur hits you.
* * * LOW HITPOINT WARNING * * *
The centaur hits you.
* * * LOW HITPOINT WARNING * * *
m - a ring of protection from cold (right hand) Unknown command.
Put on which piece of jewellery? (? for menu, Esc to quit)
You're wearing all the rings you can.
Remove which one? (? for menu, Esc to cancel) < or
l - a ring of magical power; > or
m - a ring of protection from cold You remove your ring of magical power.
You feel your magic capacity decrease. The centaur hits you!
You die...

##############'###.# #.
****.............##########.
*,,,.........###............
*,,,...............#########
*,,,.............#.#
*,,,.........#####.#
*,,,........## #.#
*,,,.......(# #.#
***,,,.......@#****#.#
****,,,,,........c......#
,,,,,,,,,........########
****,,,,,........# *,,<*
**,,,,........# ***,* **
*,***#'#######*****,* ,* *,*
#.* *,,,,,,,,>*
,****'****,****,*********
,,,,,,,,,,,,,,,,,,*


You could see a centaur.

Vanquished Creatures
  A jelly (D:3)
  Robin (D:2)
  2 adders
  4 oozes (D:2)
  A worm (D:2)
  2 dart slugs (D:1)
  A ball python (D:1)
  3 giant cockroaches
  9 goblins
  9 hobgoblins
  2 jackals (D:2)
  2 quokkas (D:2)
  7 bats
  A frilled lizard (D:1)
  3 kobolds
  4 rats
52 creatures vanquished.

Notes
Turn   | Place    | Note
-------+----------+-------------------------------------------
     0 | D:1      | Drevant the Hill Orc Monk began the quest for the Orb.
     0 | D:1      | Reached XP level 1. HP: 19/19 MP: 1/1
   181 | D:1      | Found a snail-covered altar of Cheibriados.
   210 | D:1      | Reached XP level 2. HP: 27/27 MP: 2/2
   705 | D:1      | Reached skill level 1 in Armour
   910 | D:2      | Noticed Robin
   947 | D:1      | Reached XP level 3. HP: 32/33 MP: 3/3
  1019 | D:2      | Reached skill level 5 in Axes
  1736 | D:2      | Reached XP level 4. HP: 40/40 MP: 4/4
  2029 | D:2      | Killed Robin
  2294 | D:3      | Noticed Ijyb
  2773 | D:3      | Reached skill level 6 in Axes
  2773 | D:3      | Reached XP level 5. HP: 36/47 MP: 5/5
  2854 | D:3      | Noticed a centaur
  2871 | D:3      | Slain by a centaur

Vault maps used:
D:1:      erik_arrival_cave_to_civilisation, cheibriados_altar_1
D:2:      uniq_robin
D:3:      okawaru_metal_pillars_1_2, first_bread, uniq_ijyb

Skill      XL: |  1  2  3  4 |
---------------+-------------+-----
Armour         | 1 2 |  2.2
Fighting       | 4 |  4.6
Axes           | 5 6 |  6.1
Dodging        | |  2.4
Stealth        | |  1.5

Action                   |  1- 3 |  4- 6 || total
-------------------------+-------+-------++-------
Melee: Hand axe          |   115 |   118 ||   233
Throw: Stone             |     2 |       ||     2
  Use: Scroll            |       |     5 ||     5
       Potion            |       |     1 ||     1
  Eat: Chunk             |     3 |     1 ||     4
       Royal jelly       |       |     1 ||     1
Armor: Robe              |     9 |       ||     9
       Scale mail        |    36 |    39 ||    75
Dodge: Dodged            |    71 |    63 ||   134

Table legend:
 A = Spawn XP
 B = Non-spawn XP
 C = Spawn XP percentage of total XP
 D = Spawn monster count
 E = Non-spawn monster count
 F = Spawn count percentage of total count
 G = Total turns spent on level
                    A         B        C        D         E        F      G
               +---------+---------+-------+---------+---------+-------+---------
         Total |       0 |     195 |   0.0 |       0 |      52 |   0.0 |  2871
               +---------+---------+-------+---------+---------+-------+---------
           D:1 |       0 |      33 |   0.0 |       0 |      18 |   0.0 |  1451
           D:2 |       0 |     100 |   0.0 |       0 |      30 |   0.0 |  1194
           D:3 |       0 |      62 |   0.0 |       0 |       4 |   0.0 |   226
               +---------+---------+-------+---------+---------+-------+---------
